[Event "*** SCC Grand Prix: Titled Tuesday Blitz"]
[Site "Chess.com"]
[Date "2020.09.08"]
[Round "3"]
[White "M1711"]
[Black "FMalexhdez"]
[Result "1-0"]
[WhiteElo "2490"]
[BlackElo "2222"]
[TimeControl "180+1"]
[EndTime "10:30:18 PDT"]
[Termination "M1711 won on time"]

1. e4 c5 2. Nf3 d6 3. b4 cxb4 4. d4 g6 5. a3 bxa3 6. Rxa3 Bg7 7.
Bc4 Nf6 8. O-O Nxe4 9. Re1 d5 10.
Bd3 Nc6 11. c4 Nf6 12. c5 Bg4 13. Be2 Ne4 14. Be3 O-O 15. Nbd2 e5 16. Nxe5 Bxe2 17. Qxe2 Nxe5 18. dxe5 Bxe5 19. Nxe4 dxe4 20. Qc4 Re8 21.
g3 Qd7 22. Rb1 Qc6 23. Rb4 Kg7 24. Qxe4 Qxe4 25. Rxe4 a6 26. Rb3 Re7 27. Rxe5 Rxe5 28.
Bd4 f6 29. Rxb7+ Kh6 30. Bxe5 fxe5 31. Re7 a5 32. Rxe5 a4 33. Re2 a3 34. Ra2 Kg5 35. c6 h5 36. c7 Rc8 37. Rxa3 Rxc7 38.
Kg2 Rc5 39. Ra7 h4 40. Ra4 hxg3 41. hxg3 Rb5 42. Rc4 Ra5 43. Kh3 Rd5 44. Re4 Ra5 45.
Rg4+ Kh5 46. Rh4+ Kg5 47. Rh8 Ra4 48. Rf8 Kh5 49. f4 Kh6 50. Rf7 Ra5 51. Kg4 Rb5 52.
Rd7 Ra5 53. Re7 Rc5 54. Re5 Rc1 55. Re6 Kg7 56. Kg5 Rc5+ 57. Re5 1-0

[Event "*** SCC Grand Prix: Titled Tuesday Blitz"]
[Site "Chess.com"]
[Date "2020.09.08"]
[Round "3"]
[White "Ramu_K_FM_FT"]
[Black "champ1000"]
[Result "0-1"]
[WhiteElo "1959"]
[BlackElo "2297"]
[TimeControl "180+1"]
[EndTime "10:30:18 PDT"]
[Termination "champ1000 won on time"]

1. e4 c5 2. Nf3 d6 3. d3 Nc6 4. g3 g6 5. Bg2 Bg7 6. O-O e5 7. c3 Nge7 8. a3 a5 9. a4 h6 10.
Na3 Be6 11. Nb5 O-O 12. Nd2 d5 13. Re1 f5 14. exd5 Bxd5 15. Bxd5+ Nxd5 16. Nc4 f4 17.
Nbd6 Qe7 18. f3 Rad8 19. Ne4 Kh7 20. Qe2 b6 21. Bd2 Qf7 22. g4 Kh8 23. Kg2 h5 24. h3 Bf6 25. Rg1 Bh4 26. gxh5 gxh5 27. Kh1 Rg8 28. Rxg8+ Rxg8 29. Rg1 Rxg1+ 30. Kxg1 Bg3 31. Nxg3 fxg3 32. Qe4 Qe6 33. Qh4 Qg6 34. Qe4 Qxe4 35. dxe4 Nf4 36. Bxf4 exf4 37. Nd6 Ne5 38. Nf5 Nxf3+ 39.
Kg2 Ne1+ 40. Kf1 Nd3 41. b3 Nc1 42. b4 cxb4 43. cxb4 axb4 44. Nd4 f3 45. Nxf3 b3 46. Nd2 b2 47. Kg2 h4 48. Kf3 Kg7 0-1

[Event "*** SCC Grand Prix: Titled Tuesday Blitz"]
[Site "Chess.com"]
[Date "2020.09.08"]
[Round "3"]
[White "KuzubovYuriy"]
[Black "Karacsonyi_Gellert"]
[Result "1-0"]
[WhiteElo "2896"]
[BlackElo "2640"]
[TimeControl "180+1"]
[EndTime "10:30:20 PDT"]
[Termination "KuzubovYuriy won by resignation"]

1. d4 Nf6 2. c4 e6 3. Nf3 d5 4.
g3 dxc4 5. Bg2 Bd7 6. Ne5 Bc6 7. Nxc6 Nxc6 8. e3 Qd7 9. O-O O-O-O 10. Nc3 Nd5 11.
Qe2 h5 12. Qxc4 h4 13. b4 hxg3 14. hxg3 Bxb4 15. Na4 f5 16. Rb1 g5 17. a3 Ba5 18.
Rxb7 Qh7 19. Rd1 Nb8 20. Nc5 Bb6 21. Rxb8+ Kxb8 22. Nxe6 Rd6 23. Bxd5 Rxe6 24. Bg2 Rh6 25. Kf1 f4 26. exf4 Re8 27. Be3 gxf4 28. gxf4 Rg6 29. Bf3 Qh3+ 30. Ke2 Qd7 31. Rb1 Rf6 32. a4 Kc8 33. a5 Kd8 34. axb6 Rxb6 35. Rxb6 axb6 36.
d5 Qd6 37. f5 Qa3 38. Qh4+ Qe7 39. Qxe7+ Kxe7 40. Kd3 Kd6 41. Bf4+ Kd7 42. Be4 Ra8 43. f3 Ra4 44. Be5 Rb4 45. f6 Rb3+ 46. Kc4 Ra3 47.
Bf5+ Ke8 48. Bg6+ Kf8 49. Bxc7 Rxf3 50. Bd6+ Kg8 51. f7+ Kg7 52. f8=Q+ Rxf8 53. Bxf8+ Kxf8 54. Kb5 Ke7 55. Kxb6 Kd6 56. Be4 Kd7 57. Kc5 1-0

[Event "*** SCC Grand Prix: Titled Tuesday Blitz"]
[Site "Chess.com"]
[Date "2020.09.08"]
[Round "3"]
[White "CHESSMASTER759"]
[Black "DrVelja"]
[Result "1-0"]
[WhiteElo "2609"]
[BlackElo "2808"]
[TimeControl "180+1"]
[EndTime "10:30:20 PDT"]
[Termination "CHESSMASTER759 won on time"]

1. e4 c5 2. c3 Nf6 3. e5 Nd5 4. Nf3 Nc6 5. d4 cxd4 6. cxd4 d6 7. exd6 e6 8. Nc3 Bxd6 9. Bd3 O-O 10. O-O Nxc3 11.
bxc3 h6 12. Re1 b6 13. Re2 Bb7 14. Re1 Rc8 15. Qe2 Na5 16. Bd2 Qf6 17. Ne5 Bxe5 18. dxe5 Qh4 19. Rab1 Bd5 20. Rb4 Bc4 21. Bxc4 Rxc4 22.
f4 Rd8 23. g3 Qe7 24. Rxc4 Nxc4 25. Qxc4 Rxd2 26. Re2 Rd1+ 27. Kg2 Qb7+ 28. Kh3 Qf3 29.
Qe4 Qxc3 30. f5 Qd3 31. fxe6 fxe6 32. Qg4 Kh7 33. Rf2 Rf1 34. Qe2 Qxe2 35. Rxe2 Rd1 36. Rc2 Rd5 37. Rc7 a5 38. Rc6 Rxe5 39. Rxb6 Kg6 40. a4 Kf6 41. Ra6 Rd5 42. Kg2 h5 43. Kh3 g5 44. Kg2 Kf5 45. Kf3 e5 46. Ke3 e4 47. h3 Rd3+ 48. Kf2 e3+ 49. Ke2 Ra3 50.
Rxa5+ Ke4 51. Rxg5 Ra2+ 52. Kd1 Kf3 53. Rf5+ Kg2 54. Rxh5 Kf2 55. Rf5+ Kxg3 56. Ke1 1-0

[Event "*** SCC Grand Prix: Titled Tuesday Blitz"]
[Site "Chess.com"]
[Date "2020.09.08"]
[Round "3"]
[White "kidagent"]
[Black "chessmadara"]
[Result "1-0"]
[WhiteElo "2272"]
[BlackElo "1834"]
[TimeControl "180+1"]
[EndTime "10:30:20 PDT"]
[Termination "kidagent won by resignation"]

1. e4 c5 2. Nf3 Nc6 3. d4 cxd4 4.
Nxd4 g6 5. Nc3 Bg7 6. Be3 Nf6 7. Be2 O-O 8. Nb3 d6 9. O-O Be6 10. f4 Qc8 11. h3 Rd8 12. Qe1 d5 13. e5 Ne4 14.
Nxe4 dxe4 15. c3 h5 16. Qf2 b6 17. Rfd1 Qc7 18. Nd4 Nxd4 19. Bxd4 Bd5 20. b3 Qb7 21. c4 e3 22. Qf1 Be4 23. Bxe3 f6 24.
exf6 Bxf6 25. Rxd8+ Rxd8 26. Rd1 Rxd1 27. Bxd1 Qd7 28. Qe2 Bc3 29. Bc2 Bf5 30. Kf2 h4 31. Bxf5 Qxf5 32. Qg4 Qc2+ 33. Kf3 Qd1+ 34. Ke4 Qc2+ 35.
Kd5 Qd3+ 36. Kc6 Qe4+ 37. Kc7 Qxe3 38. Qxg6+ Bg7 39. f5 Qe5+ 40. Kd7 Qd4+ 41. Kxe7 Qc5+ 42. Kd7 Qd4+ 43. Kc7 Qe5+ 44. Kb7 Qe7+ 45. Ka6 Qa3+ 46. Kb7 Qe7+ 47. Kc8 Kh8 48. Qe6 Qc5+ 49. Kd7 Kh7 50.
Qg6+ Kh8 51. Qh5+ Kg8 52. Qxh4 Qd4+ 53. Qxd4 Bxd4 54. g4 Kg7 55. Kc6 a5 56. a3 Kf6 57.
b4 axb4 58. axb4 Kg5 59. c5 bxc5 60. bxc5 Kh4 61. Kd5 Bf6 62. c6 Bd8 63. Ke6 Kxh3 64. f6 Kxg4 65. f7 1-0

[Event "*** SCC Grand Prix: Titled Tuesday Blitz"]
[Site "Chess.com"]
[Date "2020.09.08"]
[Round "3"]
[White "Happy1712Drummer"]
[Black "uthoang"]
[Result "0-1"]
[WhiteElo "2405"]
[BlackElo "2243"]
[TimeControl "180+1"]
[EndTime "10:30:21 PDT"]
[Termination "uthoang won on time"]

1. Nf3 Nf6 2. d4 e6 3. c4 Be7 4. Nc3 b6 5. e4 Bb7 6. e5 Ne4 7. Bd3 Nxc3 8. bxc3 c5 9. O-O h6 10. Qe2 O-O 11. Nd2 d6 12. exd6 Bxd6 13. Ne4 Bc7 14. dxc5 bxc5 15. Nxc5 Qd6 16. Qh5 Bc6 17. Rd1 Qe5 18.
Qxe5 Bxe5 19. Rb1 a5 20. Be3 Bxc3 21. Be4 Bb4 22. a3 Bxc5 23. Bxc5 Re8 24. Rxb8 Bxe4 25. Rxe8+ Rxe8 26. Bb6 a4 27. c5 Bd5 28.
Rc1 Rc8 29. f3 Kf8 30. Kf2 Ke8 31. Ke3 Kd7 32. g3 Kc6 33. f4 g5 34. Kd4 gxf4 35.
gxf4 Rg8 36. Ke5 Rg2 37. Rc3 Re2+ 38. Kf6 Rf2 39. Kxf7 Rxf4+ 40. Ke7 e5 41. Rg3 Rf7+ 42. Ke8 Rf6 43. Ke7 Re6+ 44. Kd8 e4 45. Re3 Rf6 46. h4 Rf3 47. Re1 e3 48. Ba5 Bc4 49. Rd1 Kxc5 50. Bb4+ Kb5 51. Rc1 e2 52. Re1 Rf1 53. Ke7 Rf4 54.
Kd6 Rxh4 55. Ke5 Rh3 56. Kf4 h5 57. Kg5 Rb3 58. Rg1 Rxb4 59. axb4 Kxb4 60. Kxh5 Kc3 0-1

[Event "*** SCC Grand Prix: Titled Tuesday Blitz"]
[Site "Chess.com"]
[Date "2020.09.08"]
[Round "3"]
[White "DarZay"]
[Black "GaboSalazar2001"]
[Result "0-1"]
[WhiteElo "2064"]
[BlackElo "2335"]
[TimeControl "180+1"]
[EndTime "10:30:21 PDT"]
[Termination "GaboSalazar2001 won by resignation"]

1. e4 c5 2. Nf3 d6 3. d4 cxd4 4. Nxd4 Nf6 5. Nc3 e6 6. Be3 a6 7. Be2 Nbd7 8. O-O b5 9. a3 Bb7 10. f3 Be7 11. Kh1 O-O 12. Qd2 Rc8 13. Rad1 d5 14.
exd5 Nxd5 15. Nxd5 Bxd5 16. f4 Nf6 17. Bf3 Qc7 18.
Bxd5 Nxd5 19. f5 Nxe3 20. Qxe3 e5 21. f6 exd4 22. Qxe7 Qxe7 23. fxe7 Rfe8 24. Rxd4 Rxe7 25. Rfd1 f6 26. Rd8+ Rxd8 27. Rxd8+ Kf7 28. Kg1 Re2 29. Rc8 Ke6 30. Rc6+ Kd5 31. Rxa6 Rxc2 32. b4 g6 33. Rxf6 Ra2 34. Rf3 g5 35. h3 Ke4 36.
Rc3 h5 37. Rc5 Rxa3 38. Rxg5 h4 39. Rxb5 Rb3 40. Rb8 Kf4 41. Rh8 Kg3 42. Rg8+ Kf4 43. Rg4+ Kf5 44. Rxh4 Rb2 45. Rc4 Rd2 46. g4+ Kg5 47. b5 Kh4 48. Rc3 Rb2 49. Kf1 Rxb5 50. Kf2 Rb2+ 51. Ke1 Rg2 52. Kf1 Ra2 53. Rf3 Rb2 54.
Rf2 Rb3 55. Rh2 Kg3 56. Rh1 Rb1+ 57. Ke2 Rxh1 58. g5 Rxh3 0-1

[Event "*** SCC Grand Prix: Titled Tuesday Blitz"]
[Site "Chess.com"]
[Date "2020.09.08"]
[Round "3"]
[White "Onischuk_V"]
[Black "PavelShkapenko"]
[Result "1-0"]
[WhiteElo "2961"]
[BlackElo "2685"]
[TimeControl "180+1"]
[EndTime "10:30:22 PDT"]
[Termination "Onischuk_V won by resignation"]

1. e4 c5 2. Nc3 e6 3. Nf3 Nc6 4. g3 Nf6 5. Bg2 d5 6. exd5 Nxd5 7. O-O Be7 8. d4 Nxc3 9. bxc3 O-O 10. Rb1 Qa5 11. Qd3 Rd8 12. Bg5 Qc7 13. Rfe1 h6 14.
Bf4 Bd6 15. Bxd6 Qxd6 16. Red1 Qe7 17. Qb5 cxd4 18. cxd4 Rb8 19. Ne5 Nxe5 20. Qxe5 Bd7 21. Bxb7 Ba4 22. Be4 Rbc8 23. Rd2 Qc7 24. Qxc7 Rxc7 25. Rb4 Bc6 26. Rc4 Rdc8 27. Rxc6 Rxc6 28. Bxc6 Rxc6 29. Kf1 Rc4 30. Ke2 Ra4 31. c3 Kf8 32.
Kd3 Ke7 33. Kc2 Ra6 34. Kb3 Rb6+ 35. Ka4 Kd6 36. c4 Rb1 37. Ka5 Kc6 38. d5+ exd5 39. cxd5+ Kd6 40. Ka6 g5 41. Kxa7 Rh1 42. f3 Rf1 43. a4 Rxf3 44. a5 f5 45. a6 f4 46.
gxf4 gxf4 47. Ka8 Rb3 48. a7 f3 49. h3 h5 50. h4 Rb4 51. Rd3 Rxh4 52. Rxf3 Rb4 53.
Rf5 h4 54. Rh5 h3 55. Rxh3 Kxd5 56. Rc3 Kd6 57. Rc8 Kd7 58. Rb8 Ra4 59. Kb7 Rb4+ 60. Ka6 Ra4+ 61. Kb6 1-0

[Event "*** SCC Grand Prix: Titled Tuesday Blitz"]
[Site "Chess.com"]
[Date "2020.09.08"]
[Round "3"]
[White "TigrVShlyape"]
[Black "GothamChess"]
[Result "1-0"]
[WhiteElo "2815"]
[BlackElo "2571"]
[TimeControl "180+1"]
[EndTime "10:30:22 PDT"]
[Termination "TigrVShlyape won by resignation"]

1. d4 f5 2. Nf3 Nf6 3. Bf4 b6 4. e3 Bb7 5. h3 e6 6. Be2 g6 7.
O-O Bg7 8. c4 O-O 9. Nc3 h6 10.
Rc1 d6 11. Bh2 Ne4 12. Nxe4 Bxe4 13. Nd2 Bb7 14. b4 e5 15. dxe5 dxe5 16. c5 Kh7 17. Bf3 e4 18. Be2 bxc5 19. Rxc5 Na6 20. Bxa6 Bxa6 21.
b5 Bc8 22. Nb3 Be6 23. Rxc7 Rf7 24. Rc6 Qe8 25. Qc2 Bd7 26. Rc7 Bxb5 27. Rc1 Rd8 28. Nd4 Ba6 29. Rxf7 Qxf7 30. Qa4 Qf6 31. Rc6 Rc8 32.
Rxc8 Bxc8 33. Qxa7 g5 34. Bb8 f4 35. Qc7 Ba6 36. Qd6 Bc4 37. Qxf6 Bxf6 38. a3 Bxd4 39.
exd4 Kg6 40. a4 Kf5 41. a5 h5 42. g3 f3 43. Ba7 Bb5 44. d5 Ke5 45. Be3 Kxd5 46.
Bxg5 Ke6 47. Be3 Kf5 48. Kh2 Ba6 49. Bd4 Bb5 50. Be3 Ba6 51. Bd4 Bb5 52. g4+ hxg4 53.
h4 Kf4 54. Be3+ Kf5 55. Kg3 Ba6 56. h5 Bb5 57. h6 Kg6 58. Kxg4 Ba6 59. Kf4 Bd3 60.
Ke5 Bc2 1-0

[Event "*** SCC Grand Prix: Titled Tuesday Blitz"]
[Site "Chess.com"]
[Date "2020.09.08"]
[Round "3"]
[White "GianmarcoVaR"]
[Black "aloe_normansen"]
[Result "1-0"]
[WhiteElo "2559"]
[BlackElo "2352"]
[TimeControl "180+1"]
[EndTime "10:30:22 PDT"]
[Termination "GianmarcoVaR won by resignation"]

1. d4 Nf6 2. c4 g6 3. g3 Bg7 4. Bg2 O-O 5. Nc3 Nc6 6. Nf3 d5 7. cxd5 Nxd5 8. O-O Nb6 9. d5 Na5 10. Qc2 c6 11. dxc6 Nxc6 12. Rd1 Qc7 13. Bf4 e5 14. Be3 Bf5 15. Qc1 Rac8 16. Nb5 Qb8 17. Nd6 Nd4 18.
Nxc8 Nxe2+ 19. Kh1 Nxc1 20. Ne7+ Kh8 21. Nxf5 gxf5 22.
Raxc1 Rc8 23. Bh3 e4 24. Bxf5 Re8 25. Bf4 Be5 26. Nxe5 Rxe5 27. Bxe4 Qe8 28. Bxb7 Re2 29. Be3 Rxe3 30. fxe3 Qxe3 31. Rc2 Kg7 32. Bg2 Nd7 33. Rf1 Ne5 34. Rcf2 Kg6 35. Rf6+ Kg7 36. R6f5 Qe2 37. h3 h5 38. Kh2 h4 39. gxh4 Qe3 40. Rg5+ Kf8 41. Rgf5 Ke7 42. R1f4 Ke6 43. Re4 Qc5 44. Rfxe5+ Qxe5+ 45.
Rxe5+ Kxe5 46. Kg3 f5 47. h5 f4+ 48. Kg4 Kf6 49. Bf3 a5 50. b3 Ke5 51. Kg5 Kd4 52. Kxf4 Kc3 53. h6 1-0

[Event "*** SCC Grand Prix: Titled Tuesday Blitz"]
[Site "Chess.com"]
[Date "2020.09.08"]
[Round "3"]
[White "PIwan"]
[Black "Xeslu"]
[Result "1-0"]
[WhiteElo "2531"]
[BlackElo "2305"]
[TimeControl "180+1"]
[EndTime "10:30:25 PDT"]
[Termination "PIwan won on time"]

1. c4 Nf6 2. Nc3 c5 3. Nf3 d5 4. cxd5 Nxd5 5. e3 Nc6 6. Bb5 Nxc3 7. bxc3 Bd7 8. O-O g6 9. d4 cxd4 10. cxd4 Bg7 11. Rb1 O-O 12. Bb2 a6 13. Be2 e6 14.
Ba3 b5 15. Bxf8 Qxf8 16. d5 exd5 17. Qxd5 Rd8 18. Rbd1 Be8 19. Qb3 Rb8 20. Rc1 Na5 21.
Qc2 Nc4 22. Rfd1 Rc8 23. Nd4 Qa3 24. Bg4 f5 25. Nxf5 gxf5 26. Qxf5 Rb8 27. Qd5+ Bf7 28. Be6 Qf8 29. a4 Bxe6 30. Qxe6+ Qf7 31. Qxa6 Nb2 32.
Rc8+ Rxc8 33. Qxc8+ Bf8 34. Qg4+ Qg7 35. Qxg7+ Kxg7 36. Rd7+ Kg6 37. axb5 Na4 38. g4 Nc5 39. Rc7 Kg5 40.
h3 Kh4 41. Kg2 h5 42. Rh7 Kg5 43. Rxh5+ Kg6 44. Rf5 Be7 45. h4 Nd3 46. h5+ Kg7 47.
b6 Nc5 48. Re5 Bd6 49. Rd5 Be7 50. f4 Kf7 51. Kf3 Ke6 52. Re5+ Kd6 53. Rxc5 Kxc5 54.
b7 Bd6 55. h6 Kc6 56. h7 Kxb7 57. h8=Q 1-0

[Event "*** SCC Grand Prix: Titled Tuesday Blitz"]
[Site "Chess.com"]
[Date "2020.09.08"]
[Round "3"]
[White "el-roedor"]
[Black "zajka-molotok"]
[Result "0-1"]
[WhiteElo "2558"]
[BlackElo "2388"]
[TimeControl "180+1"]
[EndTime "10:30:26 PDT"]
[Termination "zajka-molotok won on time"]

1. d4 d5 2. c4 c6 3. Nf3 dxc4 4. e3 Be6 5. a4 Nf6 6. Na3 Na6 7. Nxc4 Bf5 8. Bd2 e6 9. Nh4 Be4 10. f3 Bd5 11. g3 c5 12. Ne5 Bd6 13. Bb5+ Kf8 14. O-O cxd4 15. exd4 Nc7 16. Bd3 Na6 17. Qe2 Qb6 18. Be3 Nb4 19. Ng2 Nxd3 20. Qxd3 Ke7 21. a5 Qb3 22. Qxb3 Bxb3 23. Rfc1 Rhc8 24. Bd2 Nd5 25. Ne3 Nxe3 26. Bxe3 f6 27. Nd3 Bd5 28. Kf2 b6 29. Bf4 Rxc1 30. Rxc1 Kd7 31. Bxd6 Kxd6 32. Ra1 Rc8 33. axb6 axb6 34. Rc1 Ra8 35. Rc2 Ra1 36. Ke3 h5 37. h4 g5 38. hxg5 fxg5 39. Rh2 Rf1 40.
Rf2 Rh1 41. f4 g4 42. f5 exf5 43. Rxf5 h4 44. gxh4 Rh3+ 45. Kd2 Be4 46. Rf6+ Ke7 47. Rxb6 Rxd3+ 48. Ke2 Rh3 49. b4 g3 50. Rb5 g2 51.
Rg5 Rh1 52. Kf2 Rf1+ 53. Ke3 g1=Q+ 54. Rxg1 Rxg1 55. Kxe4 Rh1 56. Kd5 Rxh4 57. b5 Kd7 58.
Kc5 Kc7 59. d5 Rh1 0-1

[Event "*** SCC Grand Prix: Titled Tuesday Blitz"]
[Site "Chess.com"]
[Date "2020.09.08"]
[Round "3"]
[White "juli2512"]
[Black "saraswathii"]
[Result "0-1"]
[WhiteElo "2038"]
[BlackElo "2312"]
[TimeControl "180+1"]
[EndTime "10:30:27 PDT"]
[Termination "saraswathii won by checkmate"]

1. e4 c5 2. Nf3 Nc6 3. d3 g6 4. g3 Bg7 5. Bg2 Nf6 6. O-O d5 7. Nbd2 dxe4 8. dxe4 O-O 9. Re1 Qc7 10. c3 Rd8 11.
Qc2 Bg4 12. Nf1 Bxf3 13. Bxf3 Ne5 14. Bg2 Nd3 15. Rd1 c4 16. Be3 b5 17. h3 a6 18. Rd2 Rac8 19. Rad1 Rd7 20. Nh2 Rcd8 21. Bd4 e5 22. Be3 Qa5 23. a3 Qc7 24. Ng4 Ne8 25.
Nh6+ Kh8 26. Bf1 Nf4 27. Nxf7+ Kg8 28. Ng5 Rxd2 29. Rxd2 Nh5 30. Ne6 Rxd2 31. Qxd2 Qc6 32.
Nxg7 Kxg7 33. Bg2 Nhf6 34. f3 Nc7 35. Kf2 Ne6 36. h4 Nc5 37. Bf1 Na4 38. Be2 Nc5 39. Qc2 Na4 40. Qd2 Nc5 41. Qd8 Ne6 42. h5 Nxd8 43. h6+ Kf7 44. Bg5 Ne6 45. Be3 Nc5 46. Bd1 Na4 47. Ke2 Nxb2 48. Bc2 Na4 49. g4 Nxc3+ 50.
Kf2 Na4 51. g5 Nd7 52. f4 Qd6 53. Kf3 exf4 54. Bxf4 Qxa3+ 55. Kg4 Nac5 56. e5 Nd3 57. Bd1 Nf2+ 58. Kh4 Qh3# 0-1

[Event "*** SCC Grand Prix: Titled Tuesday Blitz"]
[Site "Chess.com"]
[Date "2020.09.08"]
[Round "3"]
[White "hypert"]
[Black "abhidabhi"]
[Result "0-1"]
[WhiteElo "2423"]
[BlackElo "2714"]
[TimeControl "180+1"]
[EndTime "10:30:28 PDT"]
[Termination "abhidabhi won by resignation"]

1. e4 e5 2. Nf3 Nc6 3. Bb5 a6 4. Ba4 Nf6 5. O-O b5 6. Bb3 Bb7 7.
Re1 Bc5 8. d3 d6 9. Be3 h6 10. a4 O-O 11. Nc3 b4 12. Nd5 Na5 13. Ba2 Bxe3 14. Rxe3 b3 15. Nxf6+ Qxf6 16. cxb3 c5 17.
b4 cxb4 18. Qd2 Nc6 19. Bd5 a5 20. Rc1 Rfc8 21. Ree1 Nd8 22. d4 Rxc1 23. Rxc1 Qe7 24. dxe5 dxe5 25. Qe3 Ra6 26. h4 Nc6 27. b3 Nd8 28. Rc4 Kh7 29. Qc1 Bxd5 30. exd5 Rd6 31. Qc2+ g6 32. h5 f5 33. hxg6+ Kg7 34. Rc7 Rd7 35.
Rxd7 Qxd7 36. Nxe5 Qxd5 37. Qxf5 Nc6 38. Qf7+ Qxf7 39.
Nxf7 Nd4 40. Ne5 Nxb3 41. Kf1 Nc5 42. Nc4 Nxa4 43. Nxa5 Nc5 44. Ke2 Kxg6 45. Nc4 Kf5 46. Nb2 Ke4 47. Kd2 Kd4 48. Ke2 Kc3 49. Nd1+ Kc2 50.
g4 b3 51. Ne3+ Kc1 52. Nc4 Ne4 53. f3 Nd6 54. Nd2 b2 55. f4 Nc4 56. Nb3+ Kc2 57.
Nd4+ Kc3 58. Nb5+ Kb4 0-1

[Event "*** SCC Grand Prix: Titled Tuesday Blitz"]
[Site "Chess.com"]
[Date "2020.09.08"]
[Round "3"]
[White "j_coca"]
[Black "poummba"]
[Result "0-1"]
[WhiteElo "2328"]
[BlackElo "2533"]
[TimeControl "180+1"]
[EndTime "10:30:28 PDT"]
[Termination "poummba won by resignation"]

1. f4 e5 2. fxe5 d6 3. exd6 Bxd6 4. Nf3 Nf6 5. Nc3 Bf5 6. d3 O-O 7. e4 Bg4 8. Be2 Bc5 9. Bg5 h6 10. Bh4 Nc6 11. Qd2 Qd6 12. Bg3 Qd7 13. h3 Be6 14.
Ne5 Nxe5 15. Bxe5 Bd4 16. Bxd4 Qxd4 17. O-O-O c6 18. Rdf1 b5 19. Kb1 b4 20. Nd1 Nxe4 21.
Qe1 Nf6 22. g3 Bd5 23. Rhg1 Rfe8 24. Qf2 Qxf2 25. Rxf2 Re7 26. c4 bxc3 27. Nxc3 Rae8 28. g4 Nd7 29. g5 hxg5 30. Rxg5 Re5 31. Rg1 Re3 32.
Bg4 Ne5 33. d4 Nxg4 34. Rxg4 Rxh3 35. Kc2 g6 36. Rgf4 Re7 37. Rf6 Kg7 38. Rd6 Rh4 39.
Nxd5 cxd5 40. Rxd5 Ree4 41. Kd3 Ref4 42. Re2 Rh3+ 43.
Kc4 Rhh4 44. Re7 a5 45. Ra7 Rf2 46. Raxa5 Rxb2 47. Rd7 Rc2+ 48. Kb3 Rf2 49. Raa7 Rhh2 50. a4 g5 51. a5 g4 52. a6 g3 53. Kc4 g2 54. Ra8 g1=Q 55. Rdd8 Qc1+ 56. Kd5 Rh5+ 57. Kd6 Rf6+ 58. Ke7 Qa3+ 59. Ke8 Rh8+ 60. Kd7 Rd6+ 61. Kc7 Rhxd8 62. Rxd8 Rxd8 63. Kxd8 Qxa6 0-1

[Event "*** SCC Grand Prix: Titled Tuesday Blitz"]
[Site "Chess.com"]
[Date "2020.09.08"]
[Round "3"]
[White "Fandorine"]
[Black "Barcelona_Guy"]
[Result "1-0"]
[WhiteElo "2906"]
[BlackElo "2654"]
[TimeControl "180+1"]
[EndTime "10:30:29 PDT"]
[Termination "Fandorine won on time"]

1. d4 Nf6 2. Nf3 g6 3. Bg5 Bg7 4. Nbd2 O-O 5. e3 d5 6. c3 c5 7. Bd3 Qb6 8. Rb1 h6 9. Bh4 Nc6 10. O-O g5 11. Bg3 Nh5 12. Re1 Nxg3 13. hxg3 Bg4 14.
Be2 Rad8 15. Nb3 c4 16. Nbd2 Bf5 17. e4 dxe4 18. Nxc4 Qc7 19. Nfd2 e5 20. d5 Nb8 21. Ne3 Bh7 22. g4 Nd7 23. Ndf1 Nc5 24. Nf5 Bxf5 25.
gxf5 Rd6 26. Ne3 Rfd8 27. b4 Nd3 28. Bxd3 exd3 29. Qxd3 e4 30. Qxe4 Qxc3 31. Red1 b5 32. Rbc1 Qe5 33. Qxe5 Bxe5 34. Rc6 Kg7 35. Rxd6 Rxd6 36. g3 Ra6 37. Rd2 Bc3 38. Rd3 Bxb4 39. Rb3 Ra4 40. a3 Bxa3 41. Rxb5 Bd6 42. Rb7 Rd4 43.
Rxa7 Bc5 44. Rc7 Bb6 45. Rc6 Ba7 46. d6 Rd2 47. Ng4 h5 48. f6+ Kg6 49. Ne5+ Kxf6 50. Nc4 Rd1+ 51. Kg2 Ke6 52. Rc7 Bb8 53. Re7+ Kf6 54.
Re8 Rd4 55. Ne3 1-0

[Event "*** SCC Grand Prix: Titled Tuesday Blitz"]
[Site "Chess.com"]
[Date "2020.09.08"]
[Round "3"]
[White "Zmof"]
[Black "willc-h99"]
[Result "1-0"]
[WhiteElo "2228"]
[BlackElo "2424"]
[TimeControl "180+1"]
[EndTime "10:30:30 PDT"]
[Termination "Zmof won on time"]

1. e4 d5 2. exd5 Qxd5 3. Nc3 Qd6 4. d4 Nf6 5. Nf3 c6 6. g3 Bg4 7. Bg2 e6 8. O-O Qc7 9. Bf4 Bd6 10. Bxd6 Qxd6 11. h3 Bxf3 12. Bxf3 Nbd7 13. Ne4 Nxe4 14. Bxe4 Nf6 15. Bg2 O-O 16. c3 a5 17. Qb3 Qc7 18.
a4 Ra6 19. Rfe1 Rb6 20. Qc2 Rd8 21. Re5 Nd5 22. Rae1 h6 23. Qe2 Rb3 24. Qd2 Qb6 25.
R1e2 Nc7 26. Be4 f6 27. Rh5 Ne8 28. Bb1 c5 29. Ba2 cxd4 30. Bxb3 Qxb3 31. cxd4 Qxa4 32. Rxe6 Nc7 33. Re4 Nd5 34. Kh2 Qc6 35. Re2 b6 36. Qd3 Nb4 37. Qg6 Qc1 38. Re8+ Rxe8 39. Qxe8+ Kh7 40. Qe4+ Kg8 41. Rb5 Qxb2 42. Rxb6 Qxf2+ 43.
Qg2 Qxd4 44. Rb8+ Kh7 45. Ra8 Qe5 46. Qd2 h5 47. Qd1 h4 48. Qf3 hxg3+ 49. Qxg3 Qe2+ 50. Qg2 Qe5+ 51. Kh1 Qe1+ 52. Kh2 Qe5+ 53. Kg1 Qe1+ 54. Qf1 Qe3+ 55. Qf2 Qe4 56. Rd8 Qb1+ 57. Kh2 Qe4 58.
Rd4 Qe5+ 59. Kg2 1-0

[Event "*** SCC Grand Prix: Titled Tuesday Blitz"]
[Site "Chess.com"]
[Date "2020.09.08"]
[Round "3"]
[White "Kobalia"]
[Black "ShahMatKanal"]
[Result "0-1"]
[WhiteElo "2750"]
[BlackElo "2546"]
[TimeControl "180+1"]
[EndTime "10:30:32 PDT"]
[Termination "ShahMatKanal won on time"]

1. e4 c6 2. d3 d5 3. Nf3 g6 4. e5 Bg4 5. Nbd2 Nd7 6. h3 Bxf3 7.
Nxf3 e6 8. d4 c5 9. c3 Ne7 10.
Be2 Bg7 11. O-O O-O 12. Bf4 Rc8 13. Qd2 Nb6 14. Bg5 Nc4 15. Bxc4 dxc4 16. dxc5 Qxd2 17. Nxd2 Nd5 18. Nxc4 Rxc5 19. Nd6 Bxe5 20. Ne4 Rc4 21. Rfe1 Bg7 22. Rad1 h6 23. Bc1 Rc7 24. Nd6 a6 25. c4 Nb4 26. a3 Nc6 27. b4 Ne5 28. c5 g5 29. f4 gxf4 30. Bxf4 Ng6 31. Bg3 Rd7 32.
Nc4 Rfd8 33. Bd6 Bf8 34. Nb6 Rxd6 35. cxd6 Bxd6 36. Nc4 Bc7 37. Rxd8+ Bxd8 38. Rd1 Be7 39. Na5 b6 40. Nc6 Bg5 41. Rd6 Nf4 42. a4 Ne2+ 43. Kf1 Nc3 44. a5 bxa5 45. bxa5 Ne4 46.
Rd7 Nc5 47. Ra7 Be3 48. Ke2 Bg1 49. Ne5 f6 50. Nd7 Ne4 51. Rxa6 Kf7 52. Kf3 Nd2+ 53.
Kg3 Nc4 54. Ra7 Kg6 55. Nc5 e5 0-1

[Event "*** SCC Grand Prix: Titled Tuesday Blitz"]
[Site "Chess.com"]
[Date "2020.09.08"]
[Round "3"]
[White "azikom"]
[Black "exoticprincess"]
[Result "0-1"]
[WhiteElo "2639"]
[BlackElo "2883"]
[TimeControl "180+1"]
[EndTime "10:30:36 PDT"]
[Termination "exoticprincess won on time"]

1. d4 d5 2. Nf3 c6 3. e3 Nf6 4. c4 Bf5 5. cxd5 cxd5 6. Qb3 Qc7 7. Bb5+ Nc6 8. Bd2 e6 9. O-O Bd6 10. Bb4 O-O 11. Bxd6 Qxd6 12. Nbd2 Rfc8 13. Rfc1 Ne7 14. h3 h6 15. Be2 Rc7 16. Rxc7 Qxc7 17. Qa3 a5 18. Nb3 b6 19. Rc1 Qd8 20. Ne5 Nd7 21. Qd6 Nxe5 22. Qxd8+ Rxd8 23. dxe5 Rc8 24. Rxc8+ Nxc8 25. Nd4 Bb1 26. a3 Kf8 27. f4 Ke7 28. Kf2 Na7 29. h4 Be4 30. g3 f6 31. exf6+ gxf6 32. Bf3 f5 33. g4 Kf6 34. g5+ hxg5 35. hxg5+ Ke7 36. Bxe4 dxe4 37. Kg3 Nc8 38. Kh4 Kf7 39.
Kh5 Ne7 40. a4 Nd5 41. Kh6 Kg8 42. Nc2 Ne7 43. g6 Nd5 44. b3 Nf6 45. Kg5 Nd5 46. Kh6 Nf6 47. Kg5 Ng4 48. Kh5 Kg7 49. Kg5 Kg8 50.
Kh5 Kf8 51. Kg5 Kg7 52. Nd4 Nxe3 53. Nxe6+ Kg8 54. Kf6 Nc2 55. Kxf5 e3 56. Kf6 e2 0-1

[Event "*** SCC Grand Prix: Titled Tuesday Blitz"]
[Site "Chess.com"]
[Date "2020.09.08"]
[Round "3"]
[White "GregShahade"]
[Black "GadimbayliA"]
[Result "0-1"]
[WhiteElo "2596"]
[BlackElo "2890"]
[TimeControl "180+1"]
[EndTime "10:30:36 PDT"]
[Termination "GadimbayliA won by checkmate"]

1. e4 e5 2. Nf3 d5 3. exd5 e4 4.
Qe2 Nf6 5. d3 Bb4+ 6. Nc3 O-O 7.
dxe4 Nxe4 8. Qxe4 Re8 9. Ne5 Bxc3+ 10. bxc3 f6 11. Bf4 fxe5 12. Be3 Nd7 13. Bc4 Nf6 14.
Qh4 Kh8 15. Rd1 Bf5 16. O-O Qd6 17. Bb3 a5 18. c4 Ne4 19. c5 Nxc5 20. Qc4 Ne4 21. f3 Nf6 22. Bc5 Qd8 23. d6 cxd6 24. Rxd6 Qc8 25. Ba4 Re6 26. Rfd1 Rxd6 27. Rxd6 Qc7 28.
Qb5 Rc8 29. Ba3 Bxc2 30. Bxc2 Qxc2 31. Qxe5 Qb1+ 32. Kf2 Qxa2+ 33. Kg3 Qxa3 34. Rxf6 Qb4 35. Rf7 Rg8 36. Qc7 a4 37. Qxb7 Qe1+ 38. Kh3 Qe6+ 39.
g4 a3 40. Rf4 a2 41. Ra4 Rf8 42. Qe4 Qb3 43. Ra7 Rxf3+ 44. Kh4 Rf8 45. Ra8 Qg8 46.
Rxf8 Qxf8 47. Qa4 Qf2+ 48. Kh5 Qxh2+ 49. Kg5 Qe5+ 50. Kh4 g5+ 51. Kh5 a1=Q 52. Qxa1 Qxa1 53. Kxg5 Qe5+ 54. Kh4 Kg7 55. g5 Kg6 56. Kh3 Qf4 57. Kg2 Kxg5 58. Kg1 h5 59. Kg2 h4 60. Kh3 Qg3# 0-1